AoeStats
← Ghocks

Oasis

508487274Analyzed
4v4 RM · 10d ago on Sep 22, 2026· 68m 29s· 8 players
Game mode
Random Map
Map size
Large (8 player)
Population
200
Speed
Normal
Resources
Standard
Victory
Conquest
Starting age
Dark Age
Ending age
Imperial Age
RankedLock teamsTeams togetherTeam positionsShared explorationLock speedFull tech treeHidden civsTurbo modeCheats
Victory
Defeat
🇹🇷 Magyars · Türkiye
1179
+14
🇹🇷 Danes · Türkiye
1162
+14
🇹🇷 Hindustanis · Türkiye
1153
+15
🇹🇷 Bohemians · Türkiye
1062
+19
🇪🇪 Saxons · Estonia
1157
-17
🇪🇪 Persians · Estonia
1123
-15
🇷🇺 Poles · Russia
1118
-15
🇪🇪 Shu · Estonia
1111
-15
MJATEZHNIK.Bobihnoo
7:10 Loom
9:46 Feudal Age
12:49 Double-Bit Axe
19:14 Castle Age
18:57 Horse Collar
23:53 Bow Saw
23:46 Heavy Plow
23:34 Crossbowman
24:07 Fletching
24:34 Pikeman
26:53 Thumb Ring
27:16 Bodkin Arrow
32:27 Imperial Age
31:36 Ballistics
34:08 Wheelbarrow
33:33 Arbalester
34:32 Gold Mining
34:34 Stone Mining
34:50 Bracer
36:54 Two-Man Saw
36:32 Gold Shaft Mining
36:00 Padded Archer Armor
37:02 Chemistry
37:32 Leather Archer Armor
50:42 Elite Skirmisher
AoEE.Bo
3:19 Loom
11:21 Feudal Age
12:15 Double-Bit Axe
12:30 Horse Collar
15:11 Stone Mining
17:52 Gold Mining
17:57 Stone Mining
18:03 Town Watch
20:31 Castle Age
19:08 Scale Barding Armor
21:40 Bloodlines
21:31 Husbandry
22:55 Chain Barding Armor
22:46 Forging
25:19 Szlachta Privileges
25:59 Bow Saw
35:49 Imperial Age
36:03 Cavalier
38:49 Iron Casting
38:05 Fletching
40:23 Conscription
52:56 Blast Furnace
51:52 Bodkin Arrow
59:42 Light Cavalry
63:07 Hoardings
AoEE.DanneR
10:24 Loom
12:10 Feudal Age
16:00 Castle Age
13:50 Double-Bit Axe
15:37 Scale Barding Armor
16:06 Forging
20:55 Bloodlines
20:46 Husbandry
22:52 Wheelbarrow
24:46 Chain Barding Armor
25:40 Gold Mining
25:41 Stone Mining
26:27 Stone Mining
32:21 Imperial Age
31:00 Hand Cart
31:45 Iron Casting
33:09 Horse Collar
33:41 Bow Saw
34:42 Chemistry
34:16 Conscription
35:01 Fletching
35:51 Town Watch
35:47 Heavy Camel Rider
38:02 Two-Man Saw
46:28 Blast Furnace
53:52 Cavalier
55:34 Plate Barding Armor
55:19 Savar
AoEE.Karhanin
4:06 Loom
12:08 Feudal Age
12:17 Man-at-Arms
12:56 Double-Bit Axe
12:52 Horse Collar
13:54 Scale Mail Armor
17:30 Arson
22:43 Wheelbarrow
26:30 Castle Age
26:25 Forging
28:05 Gold Mining
28:56 Redemption
32:04 Sanctity
32:28 Bow Saw
36:53 Imperial Age
35:55 Squires
35:40 Gambesons
35:24 Long Swordsman
37:09 Chain Mail Armor
37:29 Iron Casting
37:52 Two-Handed Swordsman
38:52 Stone Mining
40:31 Block Printing
42:21 Champion
43:08 Fletching
44:53 Bodkin Arrow
52:48 Pikeman
55:19 Plate Mail Armor
60:16 Bracer
61:02 Caravan
ulasinberg
11:11 Feudal Age
15:41 Castle Age
14:46 Double-Bit Axe
14:43 Horse Collar
17:14 Husbandry
18:50 Bloodlines
20:45 Bow Saw
21:41 Scale Barding Armor
22:23 Gold Mining
23:39 Bloodlines
25:44 Heavy Plow
26:06 Loom
27:24 Wheelbarrow
31:38 Imperial Age
33:44 Two-Man Saw
33:50 Crop Rotation
33:37 Hand Cart
33:08 Town Watch
32:57 Pikeman
35:18 Town Patrol
35:49 Chain Barding Armor
35:30 Scale Mail Armor
36:43 Conscription
36:33 Stone Mining
37:02 Corvinian Army
38:59 Halberdier
40:25 Chain Mail Armor
39:49 Elite Magyar Huszar
42:46 Plate Barding Armor
45:05 Caravan
46:23 Arson
Ghocks
11:54 Feudal Age
16:05 Castle Age
14:09 Double-Bit Axe
15:00 Horse Collar
16:17 Wheelbarrow
18:45 Loom
26:02 Hand Cart
28:06 Heavy Plow
31:50 Imperial Age
29:56 Town Watch
30:53 Bow Saw
30:36 Fletching
30:57 Forging
30:48 Scale Mail Armor
31:32 Wagenburg Tactics
31:43 Bodkin Arrow
33:13 Conscription
33:23 Town Patrol
34:37 Two-Man Saw
34:01 Ballistics
34:38 Pikeman
35:19 Squires
35:04 Arson
36:45 Chemistry
36:06 Chain Mail Armor
36:26 Iron Casting
35:53 Padded Archer Armor
36:36 Caravan
37:08 Coinage
37:41 Plate Mail Armor
37:52 Houfnice
38:19 Elite Skirmisher
38:20 Crossbowman
39:17 Halberdier
40:27 Elite Hussite Wagon
42:11 Sappers
44:31 Blast Furnace
43:32 Bracer
43:48 Leather Archer Armor
43:38 Scale Barding Armor
43:55 Bombard Tower
47:54 Banking
47:35 Guilds
48:16 Fortified Wall
48:41 Ring Archer Armor
48:41 Murder Holes
49:10 Chain Barding Armor
52:09 Siege Engineers
52:15 Masonry
51:56 Guard Tower
baha
5:58 Loom
11:31 Feudal Age
17:50 Castle Age
16:19 Scale Mail Armor
17:09 Double-Bit Axe
17:59 Arson
26:19 Wheelbarrow
28:57 Hand Cart
31:17 Chain Mail Armor
31:14 Squires
39:28 Imperial Age
36:41 Horse Collar
37:24 Bow Saw
37:04 Hamask
40:30 Elite Varangian Guard
41:46 Conscription
43:00 Pikeman
45:40 Plate Mail Armor
45:21 Forging
46:46 Halberdier
47:08 Northmen's Fury
48:58 Heavy Scorpion
54:29 Siege Engineers
55:24 Iron Casting
dinosah
0:28 Loom
13:39 Feudal Age
16:09 Wheelbarrow
19:11 Town Watch
23:35 Castle Age
22:51 Double-Bit Axe
22:49 Horse Collar
23:57 Stone Mining
27:50 Heavy Plow
28:27 Fortified Wall
29:09 Fletching
30:37 Bow Saw
30:32 Bodkin Arrow
33:20 Grand Trunk Road
33:15 Gold Mining
36:54 Imperial Age
36:30 Hand Cart
37:07 Padded Archer Armor
37:18 Forging
37:36 Ballistics
40:12 Thumb Ring
41:10 Chemistry
39:40 Elite Skirmisher
40:36 Bracer
40:51 Leather Archer Armor
41:12 Iron Casting
41:11 Murder Holes
42:41 Conscription
42:21 Shatagni
45:18 Two-Man Saw
46:53 Masonry
47:32 Husbandry
47:43 Bloodlines
48:52 Ring Archer Armor
49:23 Blast Furnace
48:30 Scale Barding Armor
49:48 Caravan
52:07 Light Cavalry
55:32 Hussar
60:06 Heavy Camel Rider
61:12 Chain Barding Armor
61:31 Imperial Camel Rider
63:42 Plate Barding Armor
66:22 Siege Engineers
66:20 Scale Mail Armor
67:13 Coinage
66:07 Crossbowman
69:33 Hoardings
Connection lost

Rejoining the realm…

Still unreachable

The connection could not be restored.

Session expired

The server has moved on; the page needs a fresh start.